 Dungeon Crawl Stone Soup version 0.28-a0-1447-ga5a8893891 (webtiles) character file.

Game seed: 12724041659400722337

52 riojii the Grasshopper (level 3, -2/30 HPs)
             Began as a Draconian Warper on Jan 11, 2022.
             Slain by Robin (3 damage)
             ... on level 2 of the Dungeon.
             The game lasted 00:01:39 (1396 turns).

riojii the Grasshopper (Draconian Warper)           Turns: 1396, Time: 00:01:40

Health: -2/30      AC:  5    Str: 15    XL:     3   Next: 60%
Magic:  6/6        EV: 16    Int: 13    God:
Gold:   53         SH:  0    Dex: 10    Spells: 6/6 levels left

rFire   . . .      SeeInvis .   a - +0 hand axe
rCold   . . .      Faith    .   (no shield)
rNeg    . . .      Spirit   .   (armour unavailable)
rPois   .          Reflect  .   (helmet restricted)
rElec   .          Harm     .   (no cloak)
rCorr   .          Rampage  .   (no gloves)
Will    .....                   (no boots)
Stlth   +.........              (no amulet)
HPRegen 0.10/turn               e - +4 ring of evasion
MPRegen 0.10/turn               (no ring)

@: slowed, very slow
A: AC +5, unfitting armour, cold-blooded
a: no special abilities


You were on level 2 of the Dungeon.
You visited 1 branch of the dungeon, and saw 2 of its levels.

You collected 53 gold pieces.

Inventory:

Hand Weapons
 a - a +0 hand axe (weapon)
Missiles
 c - 5 boomerangs of dispersal (quivered)
Jewellery
 e - a +4 ring of evasion (left hand)
 g - an amulet of faith
Scrolls
 b - a scroll of blinking
 d - a scroll of vulnerability {unknown}
 f - a scroll of teleportation {unknown}
 h - 2 scrolls of identify {unknown}
Potions
 i - a potion of resistance {unknown}


   Skills:
 + Level 2.9 Fighting
 * Level 3.2 Axes
 - Level 0.8 Throwing
 - Level 2.1 Dodging
 - Level 2.0 Spellcasting
 + Level 3.4 Translocations


You had 6 spell levels left.
You didn't know any spells.
Your spell library contained the following spells:

 Spells                   Type           Power      Damage    Failure   Level
 Blink                    Tloc           20%        N/A       10%         2
 Gell's Gravitas          Tloc           10%        N/A       19%         3
 Lesser Beckoning         Tloc           10%        N/A       19%         3
 Teleport Other           Tloc           10%        N/A       19%         3
 Manifold Assault         Tloc           10%        N/A       86%         5
 Summon Forest            Summ/Tloc      2%         N/A       98%         5
 Eringya's Noxious Bog    Tmut/Pois      0%         N/A       100%        6
 Summon Hydra             Summ           0%         N/A       100%        7


Dungeon Overview and Level Annotations

Branches:
Dungeon (2/15)

Altars:

Annotations:
D:2 Robin


Innate Abilities, Weirdness & Mutations

Your plain brown scales are hard. (AC +5)
You cannot fit into any form of body armour.
You are cold-blooded and may be slowed by cold attacks.


Message History

Robin misses you. Robin throws the goblin at you!
You barely miss Robin.
Your tail-slap misses Robin.
You closely miss the goblin.
You feel yourself speed up. The goblin hits you but does no damage.
Robin closely misses you. The goblin completely misses you.
You barely miss Robin. You closely miss the goblin.
Robin roars a battlecry!
The goblins go into a battle-frenzy!
The goblin hits you but does no damage.
You hit Robin but do no damage.
Your tail-slap misses Robin.
You closely miss the goblin. Robin closely misses you.
The goblin hits you but does no damage. Robin throws the goblin at you!
You hit Robin but do no damage. You hit the goblin. x2
The goblin hits you but does no damage. x2
Robin hits you with a +2 spear of freezing.
You feel yourself slow down. Robin freezes you.
The goblin barely misses you. x2
You barely miss Robin. You hit the goblin but do no damage. You hit the goblin.
You kill the goblin!
Robin closely misses you. The goblin barely misses you.
Robin closely misses you.
You hit Robin but do no damage. You closely miss the goblin.
You feel yourself speed up. The goblin hits you with a +0 dagger.
Robin hits you with a +2 spear of freezing.
You feel yourself slow down. Robin freezes you.
The goblin hits you but does no damage.
You barely miss Robin. You barely miss the goblin. Robin barely misses you.
The goblin hits you with a +0 dagger. Robin barely misses you.
The goblin closely misses you.
You barely miss the goblin.
The goblin is severely wounded.
You hit Robin.
You feel yourself speed up. Robin misses you.
The goblin hits you with a +0 dagger.
* * * LOW HITPOINT WARNING * * *
Robin hits you with a +2 spear of freezing.
* * * LOW HITPOINT WARNING * * *
You feel yourself slow down. Robin freezes you.
You die...

..#.#†#...#
P........## #..
..#.#.#### #.#
P.#.#.# #.# ♣.#.#.#
#.# ......# #.#
...#### #.# ...#
#g# ...# #@##
..##############)g#
...............)).#
.#######.#.########
.# #.#.# .# #.#.#
.# #.#.# .# #.#.#
.# #.#.#


You could see Robin and a goblin (strong).

Vanquished Creatures
  3 worms (D:2)
  4 ball pythons (D:1)
  2 bats
  2 endoplasms
  A giant cockroach (D:1)
  7 goblins
  3 hobgoblins
  4 jackals (D:2)
  4 kobolds (D:1)
  3 quokkas (D:1)
  2 frilled lizards
  3 rats
38 creatures vanquished.

Vanquished Creatures (others)
  A plant (D:2)
1 creature vanquished.

Grand Total: 39 creatures vanquished

Notes
Turn   | Place    | Note
-------+----------+-------------------------------------------
     0 | D:1      | riojii the Draconian Warper began the quest for the Orb.
     0 | D:1      | Reached XP level 1. HP: 17/17 MP: 3/3
   226 | D:1      | Reached XP level 2. HP: 19/25 MP: 5/5
  1022 | D:2      | Reached XP level 3. HP: 26/30 MP: 6/6
  1370 | D:2      | Noticed Robin
  1396 | D:2      | HP: 1/30 [Robin (6)]
  1396 | D:2      | Slain by Robin

Illustrated notes

Levels and vault maps discovered:
D:1:      heliophobic_arrival_dark_side_of_the_moon, layout_loops_ring
D:2:      layout_loops_ring, serial_forest, infiniplex_forest_lined_2,
          infiniplex_forest_zigzag_2, infiniplex_forest_clump_medium,
          infiniplex_forest_clump_small, infiniplex_forest_straight_5,
          infiniplex_forest_clump_small, infiniplex_forest_clump_medium,
          ebering_ecumenical_altar_sacrificial, uniq_robin

Skill      XL: |  1  2  3 |
---------------+----------+-----
Axes           | 3 |  3.2
Fighting       | |  2.9
Throwing       | |  0.8
Dodging        | |  2.1
Spellcasting   | |  2.0
Translocations | |  3.4

Action                   || total
-------------------------++-------
Melee: Hand axe          ||   121
       Tailslap          ||    12
 Stab: Sleeping          ||     1
Armor: Skin              ||    33
Dodge: Dodged            ||    96

Table legend: (Time is in decaauts)
 A = Elapsed time spent in this place.
 B = Non-inter-level travel time spent in this place.
 C = Inter-level travel time spent in this place.
 D = Time resting spent in this place.
 E = Time spent auto-exploring this place.
 F = Levels seen in this place.
 G = Mean time per level.
                   A        B        C        D        E       F      G
               +--------+--------+--------+--------+--------+-----+--------+
         Total |   1420 |   1392 |     28 |      0 |   1137 |   2 |  710.0 |
       Dungeon |   1420 |   1392 |     28 |      0 |   1137 |   2 |  710.0 |
               +--------+--------+--------+--------+--------+-----+--------+

Top non-repeatable levels by time:
     D:1: 815 daAuts
     D:2: 605 daAuts
